 Dungeon Crawl Stone Soup version 0.26-a0-639-g72c4674329 (webtiles) character file.

Game seed: 10493261550336664541

597 Engwar the Firebug (level 7, -1/75 HPs)
             Began as a Purple Draconian Fire Elementalist on Jan 2, 2020.
             Was a Believer of Sif Muna.
             Killed from afar by an orc wizard (8 damage)
             ... with a puff of flame
             ... on level 4 of the Dungeon on Sept 17, 2020.
             The game lasted 00:26:40 (3279 turns).

Engwar the Firebug (DrFE)                           Turns: 3279, Time: 00:26:42

Health: -1/75      AC: 23    Str: 10    XL:     7   Next: 17%
Magic:  7/10       EV:  2    Int: 17    God:    Sif Muna [**....]
Gold:   99         SH:  0    Dex: 12    Spells: 2/10 levels left

rFire    . . .     SeeInvis .   k - +1 dagger (flame)
rCold    . . .     Faith    .   (no shield)
rNeg     + + +     Spirit   .   (armour unavailable)
rPois    +         Reflect  .   (helmet currently unavailable)
rElec    .         Harm     .   (cloak currently unavailable)
rCorr    +         Rampage  .   (gloves currently unavailable)
MR       +....     NoTele   +   (boots currently unavailable)
Stlth    ++........             e - amulet of regeneration
HPRegen  0.62/turn              r - ring of resist corrosion
MPRegen  0.12/turn              (no ring)

@: tree-form
A: (breathe power), unfitting armour, AC +6
a: Channel Magic, Renounce Religion


You were on level 4 of the Dungeon.
You worshipped Sif Muna.
Sif Muna was pleased with you.
You were a tree.
You visited 1 branch of the dungeon, and saw 5 of its levels.
You also visited: Sewer.

You collected 99 gold pieces.

Inventory:

Hand Weapons
 k - a +1 dagger of flaming (weapon)
Armour
 l - a +1 hat (melded)
Jewellery
 e - an amulet of regeneration (around neck)
 r - a ring of resist corrosion (left branch)
Wands
 p - a wand of flame (4)
Scrolls
 c - 5 scrolls of teleportation {unknown}
 g - a scroll of enchant armour {unknown}
 h - 2 scrolls of remove curse {unknown}
 i - 3 scrolls of identify {unknown}
 j - a scroll of magic mapping {unknown}
Potions
 d - a potion of heal wounds {unknown}
 f - a potion of degeneration {unknown}
 m - a potion of stabbing {unknown}
 n - a potion of berserk rage {unknown}
 o - 2 potions of resistance {unknown}
 q - a potion of lignification
 s - a potion of ambrosia {unknown}
 t - 2 potions of flight {unknown}
 u - 2 potions of curing {unknown}
Comestibles
 a - 4 removed foods
 b - 6 removed foods


   Skills:
 - Level 1.7 Dodging
 - Level 1.7 Stealth
 - Level 2.4 Spellcasting
 + Level 5.4 Conjurations
 + Level 6.2 Fire Magic


You had 2 spell levels left.
You knew the following spells:

 Your Spells              Type           Power        Failure   Level
a - Foxfire               Conj/Fire      ###.         1%          1
b - Conjure Flame         Conj/Fire      ###.....     4%          3
c - Sticky Flame          Conj/Fire      ###.....     17%         4

Your spell library contained the following spells:

 Spells                   Type           Power        Failure   Level
 Inner Flame              Hex/Fire       ##......     16%         3
 Fireball                 Conj/Fire      ###.......   43%         5


Dungeon Overview and Level Annotations

Branches:
Dungeon (5/15)              Sewer (visited)
 Temple: D:4-7

Altars:
Nemelex Xobeh
Sif Muna
Yredelemnul

Annotations:
D:2 1 runed translucent door
D:3 2 runed translucent doors, brujo666's ghost, amateur GnMo


Innate Abilities, Weirdness & Mutations

((You can breathe bolts of dispelling energy.))
((Your rich purple scales are hard. (AC +6)))
You cannot fit into any form of body armour.
((You are cold-blooded and may be slowed by cold attacks.))


Message History

The orc closely misses you.
You barely miss the orc.
The orc is almost dead.
You barely miss the orc.
The orc is almost dead.
The orc hits you with a +2 vorpal war axe!
* * * LOW HITPOINT WARNING * * *
x2 You closely miss the orc.
The orc is almost dead.
The orc hits you but does no damage.
It was a potion of lignification.
You turn into a tree.
Your +1 hat melds into your body.
Your roots penetrate the ground.
The orc barely misses you.
You hit the orc. You burn the orc.
You kill the orc!
Sif Muna accepts your kill.
You hear some strange, mumbled words.
A puff of flame appears from out of thin air!
The puff of flame hits you!
You die...

#.........##.##
#.........#...########
#.........#≈≈≈#...>..# ..
#.........#≈≈≈#.####.#
....####...).....#≈≈≈#.# #.#
......†'.........#≈≈≈#># #.#
....#.##........{#≈.≈#.####.#
#. .8. #########)#≈≈≈#.#....#
..##. #♣#≈≈≈#.#.#### .. #.
###≈≈≈#.#.# . #. #≈≈≈#.#.# #.
######...###.# #.
[.........†..# .########.####
........# ##....... #........


There were no monsters in sight!

Vanquished Creatures
  A big kobold (Sewer)
  A bullfrog (D:3)
  A scorpion (D:3)
  A hound (D:5)
  An orc wizard (D:4)
  Jessica (D:2)
  Terence (D:3)
  Natasha (thrice) (D:2)
  A worker ant (D:5)
  4 gnolls
  2 river rats (Sewer)
  6 adders
  2 oozes (D:3)
  An adder skeleton (D:5)
  A worm (D:3)
  A dart slug (D:3)
  8 leopard geckos
  2 orcs
  12 bats
  3 giant cockroaches
  3 goblins
  5 hobgoblins
  4 jackals
  A quokka (D:2)
  3 frilled lizards
  A goblin skeleton (D:2)
  A jackal zombie (D:2)
  13 kobolds
  9 rats
93 creatures vanquished.

Vanquished Creatures (others)
  138 foxfires
138 creatures vanquished.

Grand Total: 231 creatures vanquished

Notes
Turn   | Place    | Note
-------+----------+-------------------------------------------
     0 | D:1      | Engwar the Draconian Fire Elementalist began the quest for
                  | the Orb.
     0 | D:1      | Reached XP level 1. HP: 14/14 MP: 3/3
   156 | D:1      | Reached XP level 2. HP: 20/20 MP: 1/5
   967 | D:2      | Noticed Jessica
   971 | D:2      | Killed Jessica
   971 | D:2      | Reached XP level 3. HP: 26/26 MP: 1/6
  1105 | D:2      | Noticed Natasha
  1113 | D:2      | Killed Natasha
  1113 | D:2      | Reached skill level 4 in Fire Magic
  1113 | D:2      | Reached XP level 4. HP: 33/33 MP: 3/7
  1118 | D:2      | Learned a level 3 spell: Conjure Flame
  1197 | D:2      | Upgraded the game from 0.25-a0-353-ged6d54792d to
                  | 0.26-a0-61-g6c07f0ee8d
  1335 | D:2      | Noticed a human
  1336 | D:2      | Noticed Natasha
  1338 | D:2      | Found a runed translucent door.
  1349 | D:2      | Killed Natasha
  1393 | D:2      | Noticed Natasha
  1403 | D:2      | Killed Natasha
  1403 | D:2      | Reached XP level 5. HP: 29/38 MP: 4/8
  1445 | D:2      | Found a basalt altar of Yredelemnul.
  1651 | D:2      | Found a shimmering blue altar of Sif Muna.
  1651 | D:2      | Found a sparkling altar of Nemelex Xobeh.
  1659 | D:2      | Became a worshipper of Sif Muna the Loreminder
  1773 | D:3      | Found a large runed translucent door.
  1776 | D:3      | Found a large runed translucent door.
  1777 | D:3      | Noticed brujo666's ghost (amateur GnMo)
  1808 | D:3      | Learned a level 4 spell: Sticky Flame
  1837 | D:3      | Reached skill level 5 in Fire Magic
  2017 | D:3      | Reached XP level 6. HP: 8/45 MP: 3/9
  2191 | D:3      | Noticed Terence
  2209 | D:3      | Killed Terence
  2498 | D:3      | Reached * piety under Sif Muna
  2691 | D:3      | You fall into a shaft and drop 2 floors!
  2691 | D:5      | Entered Level 5 of the Dungeon
  2720 | D:5      | Reached skill level 5 in Conjurations
  2806 | D:4      | Found a glowing drain.
  2847 | Sewer    | Entered a sewer
  3040 | Sewer    | Reached skill level 6 in Fire Magic
  3040 | Sewer    | Your scales start taking on a rich purple colour.
  3040 | Sewer    | Reached XP level 7. HP: 42/50 MP: 4/10
  3041 | Sewer    | Upgraded the game from 0.26-a0-61-g6c07f0ee8d to
                  | 0.26-a0-639-g72c4674329
  3174 | Sewer    | Found a white marble altar of Elyvilon.
  3270 | D:4      | Reached ** piety under Sif Muna
  3279 | D:4      | Killed from afar by an orc wizard

Illustrated notes

Levels and vault maps discovered:
D:1:      dpeg_arrival_arbitrary_c, layout_basic
D:2:      layout_rooms, amethyst_overflow_temple_binary, minmay_misc_feat_five,
          kennysheep_donut, minmay_stone_trees_medium, dk_yredelemnul_ordeal,
          uniq_jessica, uniq_natasha
D:3:      layout_loops_ring, chequers_temple_overflow_statue_of_worship,
          ebering_ghost_disaster_area, uniq_terence
D:4:      layout_basic, portal_sewer_entry_f,
          lightli_ossuary_entry_decrepit_ruins, kennysheep_slug_shrine,
          uniq_eustachio, uniq_duvessa, uniq_menkaure
D:5:      wad_river_or_something, layout_rooms, first_ration,
          nrook_loot_triangle

Skill      XL: |  1  2  3  4  5  6 |
---------------+-------------------+-----
Conjurations   | 2 3 4 5 |  5.4
Fire Magic     | 4 5 6 |  6.2
Dodging        | |  1.7
Stealth        | |  1.7
Spellcasting   | |  2.4

Action                   |  1- 3 |  4- 6 |  7- 9 || total
-------------------------+-------+-------+-------++-------
Melee: Short sword       |    16 |       |       ||    16
       Unarmed           |     1 |       |       ||     1
       Dagger            |     5 |   225 |    34 ||   264
       Tailslap          |       |    18 |     4 ||    22
 Cast: Foxfire           |    35 |    50 |     3 ||    88
       Sticky Flame      |       |     4 |     1 ||     5
  Use: Potion            |       |       |     1 ||     1
 Stab: Sleeping          |     1 |     3 |       ||     4
  Eat: Removed food      |     1 |     8 |       ||     9
Armor: Skin              |    24 |    67 |    23 ||   114
Dodge: Dodged            |    38 |   143 |    26 ||   207

Table legend: (Time is in decaauts)
 A = Elapsed time spent in this place.
 B = Non-inter-level travel time spent in this place.
 C = Inter-level travel time spent in this place.
 D = Time resting spent in this place.
 E = Time spent auto-exploring this place.
 F = Levels seen in this place.
 G = Mean time per level.
                   A        B        C        D        E       F      G
               +--------+--------+--------+--------+--------+-----+--------+
         Total |   3354 |   3298 |     56 |    270 |   1923 |   6 |  559.0 |
       Dungeon |   2919 |   2863 |     56 |    219 |   1768 |   5 |  583.8 |
         Sewer |    434 |    434 |      0 |     51 |    154 |   1 |  434.0 |
               +--------+--------+--------+--------+--------+-----+--------+

Top non-repeatable levels by time:
   Sewer: 217 daAuts
     D:4: 62 daAuts
Note: time per level data comes from an upgraded game and may be incomplete.
